 Dungeon Crawl Stone Soup version 0.26.1-11-gd32895ea62 (webtiles) character file.

Game seed: 13180504385722326528

1674 Jerry the Ruffian (level 8, -11/79 HPs)
             Began as a Troll Monk on June 8, 2021.
             Mangled by an orc knight
             ... wielding a +0 trident
              (21 damage)
             ... in a bailey.
             The game lasted 00:12:51 (4561 turns).

Jerry the Ruffian (Troll Monk)                      Turns: 4561, Time: 00:12:52

Health: -11/79     AC:  6    Str: 20    XL:     8   Next: 70%
Magic:  7/7        EV: 12    Int:  8    God:
Gold:   106        SH:  0    Dex: 12    Spells: 7/7 levels left

rFire    . . .     SeeInvis .     - Unarmed
rCold    . . .     Faith    .   (no shield)
rNeg     . . .     Spirit   .   a - +0 robe
rPois    .         Reflect  .   (helmet restricted)
rElec    .         Harm     .   (no cloak)
rCorr    .         Rampage  .   (gloves unavailable)
Will     .....                  (boots unavailable)
Stlth    +++.......             b - amulet of regeneration
HPRegen  1.03/turn              v - ring of stealth
MPRegen  0.10/turn              x - ring of wizardry

@: no status effects
A: large, unfitting armour, claws 3, regeneration 1, shaggy fur 1, tough skin 3
a: no special abilities


You were in a bailey.
You visited 1 branch of the dungeon, and saw 8 of its levels.
You also visited: Sewer and Bailey.

You collected 358 gold pieces.
You spent 252 gold pieces at shops.

Inventory:

Missiles
 r - a throwing net (quivered)
Armour
 a - a +0 robe (worn)
Jewellery
 b - an amulet of regeneration (around neck)
 v - a ring of stealth (left claw)
 x - a ring of wizardry (right claw)
Scrolls
 d - a scroll of teleportation
 i - a scroll of amnesia
 l - 3 scrolls of identify
 o - 2 scrolls of fog
Potions
 c - a potion of flight
 e - a potion of cancellation
 f - 2 potions of lignification
 g - 2 potions of haste
 h - a potion of attraction {unknown}
 j - 3 potions of magic {unknown}
 k - 5 potions of heal wounds
 m - a potion of resistance
 n - a potion of ambrosia {unknown}
 q - 6 potions of curing
 s - 3 potions of brilliance {unknown}
 t - 3 potions of might {unknown}
 w - 2 potions of berserk rage {unknown}


   Skills:
 + Level 4.7 Fighting
 + Level 4.8 Dodging
 + Level 3.2 Stealth
 * Level 7.6 Unarmed Combat


You had 7 spell levels left.
You didn't know any spells.
Your spell library was empty.

Dungeon Overview and Level Annotations

Branches:
Dungeon (9/15)              Sewer (visited)          Bailey (1/1)
 Temple: D:4-7         Lair: D:8-11         Orc: D:9-12

Altars:
Hepliaklqana
Makhleb
Ru
Trog
Uskayaw
Wu Jian

Shops:
D:5 !

Annotations:
D:9 exclusion: obsidian statue


Innate Abilities, Weirdness & Mutations

You are too large for most types of armour.
You have claws for hands.
Your natural rate of healing is unusually fast.
You are covered in fur. (AC +1)
You have extremely tough skin. (AC +3)


Message History

The orc knight is moderately wounded.
The orc knight hits you with a +0 trident!!
You claw the orc knight!
The orc knight is heavily wounded.
The orc knight hits you from afar with a +0 glaive!!
* * * LOW HITPOINT WARNING * * *
You barely miss the orc knight.
The orc knight is heavily wounded.
The orc knight barely misses you.
The orc knight roars a battlecry!
The orc knight goes into a battle-frenzy!
You scratch the orc knight but do no damage.
The orc knight is heavily wounded.
The orc knight hits you with a +0 trident!
* * * LOW HITPOINT WARNING * * *
You scratch the orc knight but do no damage.
The orc knight is heavily wounded.
The orc knight barely misses you.
The orc knight hits you with a +0 trident!!
You die...

### ##### ##∩##
####
.....##...##....
.≈≈≈..#@..#..≈≈≈
≈≈o≈≈.o.....≈≈o≈
≈.oo≈...(o..≈oo.
≈≈o≈≈.......≈≈o≈
.≈≈≈..#..(#..≈≈≈
.....##.∩.##....
##### ##∩## ####
###


You could see 2 orc knights, 5 orc warriors and 3 orcs.

Vanquished Creatures
  A water moccasin (D:9)
  A sky beast (D:5)
  2 ice beasts
  A black bear (D:5)
  2 ogres (D:9)
  A necrophage (D:5)
  2 centaurs
  3 bullfrogs
  A scorpion (D:4)
  3 hounds
  A bullfrog skeleton (D:4)
  Jessica (D:3)
  An iguana (D:5)
  An orc wizard (D:5)
  A worker ant (D:5)
  A worker ant zombie (D:9)
  3 gnolls (D:8)
  8 adders
  2 river rats (Sewer)
  A shadow imp (D:5)
  A white imp (D:4)
  6 oozes
  4 worms
  A dart slug (D:1)
  5 leopard geckos
  15 orcs
  13 ball pythons
  11 bats
  2 giant cockroaches
  13 goblins
  6 hobgoblins
  12 jackals
  A quokka (D:3)
  6 frilled lizards
  9 kobolds
  28 rats
170 creatures vanquished.

Vanquished Creatures (others)
  A bullfrog zombie (D:9)
1 creature vanquished.

Grand Total: 171 creatures vanquished

Notes
Turn   | Place    | Note
-------+----------+-------------------------------------------
     0 | D:1      | Jerry the Troll Monk began the quest for the Orb.
     0 | D:1      | Reached XP level 1. HP: 22/22 MP: 0/0
   211 | D:1      | Reached XP level 2. HP: 25/29 MP: 1/1
   727 | D:2      | Noticed a centaur
   735 | D:2      | Killed a centaur
   736 | D:2      | Reached skill level 4 in Unarmed Combat
   736 | D:2      | Reached XP level 3. HP: 5/36 MP: 2/2
   736 | D:2      | Reached XP level 4. HP: 6/44 MP: 3/3
  1078 | D:2      | Reached XP level 5. HP: 53/53 MP: 4/4
  1368 | D:3      | Noticed Jessica
  1391 | D:3      | Killed Jessica
  1554 | D:3      | Found an ornate altar of the Wu Jian Council.
  1906 | D:3      | Reached XP level 6. HP: 56/61 MP: 5/5
  1953 | D:3      | Found a bloodstained altar of Trog.
  1966 | D:3      | Found a hazy altar of Hepliaklqana.
  2162 | D:4      | Reached skill level 5 in Unarmed Combat
  2245 | D:4      | Found a hide-covered altar of Uskayaw.
  2317 | D:4      | Noticed an ice beast
  2330 | D:4      | Killed an ice beast
  2513 | D:4      | Reached XP level 7. HP: 67/67 MP: 6/6
  2519 | D:4      | Found a glowing drain.
  2523 | Sewer    | Entered a sewer
  2851 | Sewer    | Reached skill level 6 in Unarmed Combat
  3028 | D:4      | Found a sacrificial altar of Ru.
  3064 | D:5      | Entered Level 5 of the Dungeon
  3200 | D:5      | Found a burning altar of Makhleb.
  3368 | D:5      | Reached XP level 8. HP: 78/78 MP: 7/7
  3884 | D:5      | Found Pijoq's Distillery.
  3891 | D:5      | Bought a potion of heal wounds for 70 gold pieces
  3891 | D:5      | Bought a potion of haste for 140 gold pieces
  3891 | D:5      | Bought a potion of curing for 42 gold pieces
  4184 | D:6      | You fall into a shaft and drop 3 floors!
  4203 | D:9      | Noticed a troll
  4316 | D:9      | Reached skill level 7 in Unarmed Combat
  4393 | D:9      | Noticed an obsidian statue
  4529 | D:8      | Found a flagged portal.
  4548 | Bailey   | Entered a bailey
  4548 | Bailey   | Noticed an orc knight
  4550 | Bailey   | Noticed an orc knight
  4561 | Bailey   | Mangled by an orc knight

Illustrated notes

Levels and vault maps discovered:
D:1:      dpeg_arrival_pond, layout_basic, nrook_mini_backslash
D:2:      kennysheep_big_flooded_room, layout_basic
D:3:      layout_rooms, nzn_wu_jian_contemplation,
          amethyst_overflow_temple_binary, kennysheep_pointless_box,
          uniq_jessica
D:4:      layout_loops_ring, lemuel_crystal_altar, nicolae_ru_path_of_blood,
          gup_sewer_entry_bowl
D:5:      layout_basic, basic_altar, serial_shops, nicolae_shop_crystal,
          kennysheep_generic_room_8
D:6:      layout_loops_corners, serial_shops, nicolae_shop_stone,
          sigmund_edmund_badplayer
D:8:      layout_loops_corners, lemuel_coloured_pillars_altar, minitemple,
          enter_bailey_3, minivault_21
D:9:      layout_loops_ring, grunt_qazlal_clouds, overflow_temple_1_default,
          special_room [special_room_orc], minivault_15
Bailey:   bailey_polearm_4, bailey

Skill      XL: |  1  2  3  4  5  6  7  8 |
---------------+-------------------------+-----
Dodging        | 3 4 |  4.8
Unarmed Combat | 4 5 6 7 |  7.6
Fighting       | 3 4 |  4.7
Stealth        | 2 3 |  3.2

Action                   |  1- 3 |  4- 6 |  7- 9 || total
-------------------------+-------+-------+-------++-------
Melee: Unarmed           |    64 |   195 |   254 ||   513
       Punch             |       |     3 |     6 ||     9
  Use: Scroll            |       |     9 |     8 ||    17
 Stab: Sleeping          |     1 |     2 |     2 ||     5
Armor: Robe              |    34 |    76 |   111 ||   221
Dodge: Dodged            |    45 |   119 |   196 ||   360
